Map: Void Training Stage 3

Players

Piroxiljin

  • Race: Terran Terran
  • Spawn Location: 12:00

Player 2 - Winner!

  • Race: Terran Terran
  • Spawn Location: 6:00

VOD

Have the link to the VOD?

Description

Time

  • Played on: Jan. 12, 2019, 4:06 p.m.
  • Length: 8:19
Show
View Real Time Build Order
Export as new Build Order

Piroxiljin Terran 

Build Orders:  

Get SALT Encoding   

  12  0:04  SCV  
  13  0:16  Supply Depot  
  13  0:20  SCV  
  14  0:33  SCV  
  15  0:58  Barracks  
  15  0:59  SCV  
  16  1:14  SCV  
  17  1:22  Refinery  
  17  1:26  SCV  
  18  2:05  Supply Depot  
  18  2:07  SCV  
  19  2:17  Marine  
  20  2:40  SCV  
  20  2:41  Marine  
  21  2:59  Marine  
  22  3:14  Factory  
  22  3:15  SCV  
  23  3:21  Marine  
  24  3:41  Command Center  
  24  3:51  Marine  
  25  4:02  Orbital Command  
  25  4:11  Refinery  
  25  4:20  Barracks  
  25  4:21  Factory Tech Lab  
  25  4:23  Barracks Tech Lab  
  25  4:48  Infernal Pre-Igniter  
  25  4:57  Marauder  
  27  5:18  Supply Depot  
  27  5:47  Cyclone  
  30  5:59  Marine  
  30  6:02  Marauder  
  33  6:13  SCV  
  34  6:19  Cyclone  
  34  6:23  SCV  
  38  6:25  SCV  
  39  6:37  Command Center  
  39  6:44  Orbital Command  
  39  6:49  Refinery  
  37  7:39  Hellion, Marine  
Show
View Real Time Build Order
Export as new Build Order

Player 2 Terran - Winner!

Build Orders:  

Get SALT Encoding   

  12  0:00  SCV  
  13  0:13  SCV  
  14  0:20  Supply Depot  
  14  0:25  SCV  
  15  0:41  SCV  
  16  0:43  Barracks  
  16  0:49  Refinery  
  16  0:53  SCV  
  17  1:05  SCV  
  18  1:17  Supply Depot  
  18  1:31  Marine  
  19  1:33  Barracks, Orbital Command  
  19  1:42  Refinery  
  19  1:50  Barracks Tech Lab  
  19  2:08  Marine  
  20  2:10  Supply Depot  
  20  2:20  Marine  
  21  2:32  Marine  
  22  2:44  Marine  
  22  2:47  Supply Depot  
  23  2:56  Marine  
  23  2:57  SCV  
  25  3:09  SCV, Marine  
  27  3:15  Engineering Bay  
  27  3:21  SCV, Marine  
  29  3:33  SCV, Marine  
  31  3:45  SCV  
  31  3:46  Marauder  
  34  3:48  Supply Depot  
  34  3:57  SCV, Marine  
  36  4:09  Marine  
  37  4:28  Marauder  
  39  4:49  Marauder  
  41  6:42  Barracks Tech Lab  
  41  6:43  Reaper  
  41  6:46  Factory  
  42  6:48  Factory  
  42  6:49  Missile Turret  
  42  6:50  Command Center  
  42  6:52  Missile Turret  
  42  6:55  Sensor Tower  
  42  6:56  Supply Depot  
  42  7:00  Barracks  
  42  7:01  Marauder  
  44  7:13  Bunker  
  44  7:15  Reaper  
  44  7:32  Armory  
  44  7:34  Factory Tech Lab x2, Starport  
  44  7:47  Barracks Reactor  
  44  8:03  SCV  
  44  8:06  SCV  
  44  8:14  Refinery, Starport Tech Lab  
  44  8:15  Missile Turret  
  44  8:17  Missile Turret  
Tags
 
Add a new tag
Caveats
  • Supply blocks, unpowered buildings, or Contaminate may cause inaccurate times.
  • Supply counts are checked every 10 seconds.